Map: 죽음의 밤

Players

펜타네스트

  • Race: Zerg Zerg

펜타네스트

  • Race: Terran Terran
  • Spawn Location: 0:00

VOD

Have the link to the VOD?

Description

Time

  • Played on: March 15, 2018, 6:30 a.m.
  • Length: 17:31
Show
View Real Time Build Order
Export as new Build Order

펜타네스트 Zerg 

Build Orders:  

Get SALT Encoding   

  18  0:03  Primal Drone  
  19  0:11  Primal Drone  
  19  0:19  Primal Drone  
  21  0:25  Primal Drone  
  22  0:33  Primal Drone  
  22  0:39  Extractor  
  23  0:49  Primal Drone  
  24  1:05  Primal Warden  
  25  1:10  Primal Drone  
  25  1:19  Extractor  
  26  1:25  Primal Drone  
  27  1:38  Primal Drone  
  28  1:54  Primal Drone  
  29  2:10  Primal Drone  
  29  2:12  Glevig's Den  
  29  2:19  Extractor  
  29  2:26  Primal Attacks Level 1  
  29  2:27  Primal Drone  
  30  2:51  Primal Drone  
  30  2:58  Primal Drone  
  32  3:21  Primal Drone  
  33  3:32  Primal Drone  
  33  3:39  Primal Warden  
  35  3:44  Murvar's Den  
  35  3:46  Primal Drone  
  35  4:04  Primal Drone  
  36  4:25  Primal Drone  
  37  4:36  Primal Drone  
  38  4:48  Primal Warden  
  38  4:49  Primal Drone  
  40  5:11  Primal Attacks Level 2  
  40  5:12  Primal Drone  
  40  5:13  Concentrated Fire  
  41  5:23  Primal Drone  
  42  5:43  Primal Drone  
  42  5:45  Dakrun's Den  
  42  5:49  Primal Roach x4  
  50  5:55  Primal Roach x2  
  54  6:00  Primal Drone  
  55  6:10  Primal Drone  
  55  6:17  Primal Igniter  
  55  6:18  Primal Igniter, Primal Roach  
  55  6:19  Primal Roach  
  58  6:25  Primal Roach x2  
  58  6:29  Primal Igniter  
  61  6:30  Primal Drone  
  61  6:39  Primal Roach  
  64  6:40  Primal Roach  
  64  6:42  Primal Drone  
  64  6:48  Primal Igniter  
  66  6:55  Primal Roach x2  
  66  6:57  Primal Igniter  
  69  7:06  Primal Drone  
  70  7:13  Primal Igniter  
  69  7:20  Primal Roach x3  
  69  7:21  Primal Roach  
  69  7:22  Primal Igniter  
  76  7:38  Primal Roach  
  76  7:39  Primal Roach x3  
  84  7:56  Primal Roach x2  
  84  7:59  Primal Igniter x2  
  86  8:15  Primal Roach x4  
  94  8:34  Primal Roach x2  
  94  8:38  Primal Igniter  
  94  8:39  Primal Igniter x2  
  95  9:00  Primal Roach  
  95  9:01  Primal Roach  
  99  9:28  Primal Roach  
  99  9:29  Primal Roach x2  
  105  9:30  Primal Igniter  
  105  9:31  Primal Igniter x3  
  101  9:48  Primal Roach x5  
  101  9:49  Primal Roach  
  113  9:50  Explosive Spores  
  113  10:01  Primal Igniter  
  112  10:11  Primal Roach  
  112  10:12  Primal Roach x5  
  124  10:25  Primal Guardian  
  124  10:26  Primal Guardian x2  
  122  10:31  Primal Wurm  
  122  10:33  Primal Roach x2  
  122  10:34  Primal Roach  
  122  10:38  Primal Roach  
  130  10:40  Primal Guardian x2  
  130  10:41  Primal Guardian  
  127  10:50  Primordial Fury  
  127  11:18  Primal Wurm  
  129  11:20  Primal Wurm  
  126  11:30  Primal Guardian  
  126  11:31  Primal Guardian  
  124  11:59  Primal Wurm  
  126  12:01  Primal Wurm  
  126  12:12  Primal Roach x2  
  130  12:27  Primal Roach  
  130  12:28  Primal Roach x2  
  136  12:39  Primal Roach x2  
  140  12:40  Primal Roach x2  
  140  12:42  Primal Guardian  
  143  13:06  Primal Guardian x3  
  140  13:32  Primal Wurm  
  140  13:34  Primal Wurm  
  136  14:12  Primal Roach x4  
  136  14:13  Primal Roach  
  144  14:38  Primal Guardian  
  144  14:39  Primal Guardian  
  140  14:41  Primal Guardian  
  139  14:51  Primal Zergling  
  139  14:52  Primal Zergling x11  
  151  15:24  Primal Zergling x3  
  151  15:25  Primal Zergling x3  
  157  15:43  Primal Zergling x2  
  157  15:44  Primal Zergling  
  158  15:57  Primal Zergling x2  
  158  15:58  Primal Zergling  
  157  16:07  Primal Zergling  
  152  16:27  Primal Zergling  
  152  16:32  Primal Zergling x4  
  149  16:50  Primal Zergling  
  149  16:51  Primal Zergling x2  
Show
View Real Time Build Order
Export as new Build Order

펜타네스트 Terran 

Build Orders:  

Get SALT Encoding   

Tags
 
Commander
DehakaRaynor
Matchup
Co-op
Replay Pack
Co-op Speedrun
Add a new tag
Caveats
  • Supply blocks, unpowered buildings, or Contaminate may cause inaccurate times.
  • Supply counts are checked every 10 seconds.